Map: 2000 Atmospheres LE

Players

Rex

  • Race: Zerg Zerg

Nice - Winner!

  • Race: Protoss Protoss

VOD

Have the link to the VOD?

Description

Time

  • Played on: Oct. 1, 2021, 9:49 a.m.
  • Length: 5:14
Show
View Real Time Build Order
Export as new Build Order

Rex Zerg 

Build Orders: Hatch First 

Get SALT Encoding   

  12  0:00  Drone  
  13  0:12  Overlord  
  13  0:16  Drone  
  14  0:30  Drone x2  
  16  0:51  Hatchery  
  16  0:56  Drone  
  16  1:00  Drone  
  16  1:03  Drone  
  18  1:09  Extractor  
  17  1:18  Spawning Pool  
  16  1:21  Drone  
  16  1:24  Drone  
  18  1:29  Drone  
  19  2:05  Queen  
  21  2:10  Metabolic Boost, Spine Crawler x2  
  21  2:12  Spine Crawler  
  21  2:14  Zergling x2  
  19  2:17  Zergling x2  
  19  2:21  Zergling x2  
  21  2:24  Zergling x2  
  21  2:27  Zergling x2  
  23  2:31  Zergling x2  
  23  2:33  Zergling x2  
  23  2:36  Zergling x2  
  26  2:44  Overlord  
  26  2:51  Zergling x2  
  26  2:54  Zergling x2  
  28  3:05  Zergling x2  
  28  3:07  Zergling x2  
  28  3:08  Zergling x2  
  29  3:15  Zergling x2  
  29  3:19  Zergling x2  
  27  3:27  Zergling x2  
  27  3:28  Queen  
  27  3:29  Zergling x2  
  29  3:37  Zergling x2  
  29  3:41  Zergling x2  
  27  3:48  Zergling x2  
  27  3:51  Zergling x6  
  30  3:58  Zergling x2  
  30  4:02  Zergling x2  
  21  4:10  Zergling x2  
  21  4:14  Zergling x2  
  20  4:23  Zergling x2  
  19  4:27  Zergling x6  
  19  4:34  Zergling x2  
Show
View Real Time Build Order
Export as new Build Order

Nice Protoss - Winner!

Build Orders: 1 Gate Expand, Oracle Opening 

Get SALT Encoding   

  12  0:00  Probe  
  13  0:12  Probe  
  14  0:19  Pylon  
  14  0:24  Probe  
  14  0:28  Assimilator  
  15  0:37  Probe (Chrono Boost)  
  16  0:43  Gateway  
  16  0:49  Probe (Chrono Boost)  
  17  0:55  Probe (Chrono Boost)  
  18  1:03  Probe  
  19  1:15  Probe  
  20  1:24  Nexus  
  20  1:32  Cybernetics Core  
  20  1:38  Assimilator  
  20  1:41  Probe  
  21  1:47  Pylon  
  21  1:53  Probe  
  22  2:05  Adept (Chrono Boost), Probe  
  25  2:13  Stargate  
  25  2:17  Probe  
  25  2:18  Warp Gate  
  26  2:26  Stalker (Chrono Boost)  
  28  2:37  Gateway  
  28  2:41  Shield Battery  
  28  2:49  Stalker  
  30  2:57  Shield Battery  
  30  3:04  Oracle (Chrono Boost)  
  33  3:14  Shield Battery  
  33  3:21  Stalker  
  35  3:28  Shield Battery  
  35  3:38  Shield Battery  
  35  3:43  Shield Battery  
  35  3:44  Void Ray (Chrono Boost)  
  39  3:59  Pylon  
  39  4:13  Void Ray (Chrono Boost)  
  39  4:23  Stalker  
  43  4:39  Pylon  
Tags
 
Add a new tag
Caveats
  • Supply blocks, unpowered buildings, or Contaminate may cause inaccurate times.
  • Supply counts are checked every 10 seconds.